AoeStats
← diegotapia

Socotra

505758932Analyzed
4v4 RM · 23d ago on Sep 10, 2026· 31m 45s· 8 players
Game mode
Random Map
Map size
148×148
Population
200
Speed
Normal
Resources
Standard
Victory
Conquest
Starting age
Dark Age
Ending age
Imperial Age
RankedLock teamsTeams togetherTeam positionsShared explorationLock speedFull tech treeHidden civsTurbo modeCheats
Victory
Defeat
🇪🇸 Maya · Spain
982
+14
🇦🇷 Ethiopians · Argentina
978
+14
🇦🇷 Franks · Argentina
910
+17
🇦🇷 Huns · Argentina
893
+16
🇸🇪 Armenians · Sweden
971
-17
🇺🇸 Vikings · United States
921
-15
🇦🇷 Burgundians · Argentina
907
-15
🇲🇽 Burgundians · Mexico
905
-14
goldenboy54
2:31 Loom
11:02 Feudal Age
14:24 Man-at-Arms
18:59 Scale Mail Armor
26:32 Castle Age
26:42 Crossbowman
26:45 Long Swordsman
27:13 Gambesons
31:06 Pikeman
diegotapia
1:23 Loom
11:59 Feudal Age
13:06 Double-Bit Axe
14:12 Wheelbarrow
13:21 Horse Collar
16:34 Bow Saw
22:43 Castle Age
23:15 Hand Cart
Salgt27
7:16 Double-Bit Axe
10:27 Feudal Age
8:46 Horse Collar
11:36 Feudal Age
13:41 Loom
16:29 Castle Age
16:14 Forging
16:08 Gold Mining
18:20 Scale Barding Armor
21:07 Husbandry
23:24 Cavalier
Gautier Sans-Avoir
5:08 Loom
6:17 Loom
11:35 Feudal Age
13:11 Horse Collar
13:57 Scale Mail Armor
14:10 Forging
20:03 Fletching
21:59 Wheelbarrow
23:01 Man-at-Arms
24:36 Double-Bit Axe
25:07 Long Swordsman
30:45 Pikeman
maurito.trenta
3:55 Loom
10:57 Feudal Age
25:18 Castle Age
28:50 Scale Barding Armor
Clayton
5:03 Loom
9:57 Feudal Age
12:09 Double-Bit Axe
13:03 Town Watch
16:13 Fletching
22:36 Castle Age
21:02 Gold Mining
22:45 Crossbowman
23:49 Bodkin Arrow
27:58 Ballistics
29:22 Thumb Ring
29:33 Padded Archer Armor
32:08 Wheelbarrow
Hola Nena
8:41 Loom
13:10 Feudal Age
13:31 Horse Collar
13:21 Man-at-Arms
15:41 Arson
19:40 Double-Bit Axe
20:25 Bloodlines
26:03 Castle Age
24:47 Scale Barding Armor
25:27 Forging
25:25 Gold Mining
27:12 Bow Saw
27:46 Wheelbarrow
28:10 Husbandry
Luquito1909
0:30 Loom
9:50 Feudal Age
10:49 Double-Bit Axe
13:17 Forging
13:00 Fletching
14:24 Horse Collar
16:20 Wheelbarrow
17:28 Wheelbarrow
19:25 Castle Age
18:31 Stone Mining
19:34 Padded Archer Armor
19:36 Gold Mining
19:43 Crossbowman
20:24 Bodkin Arrow
22:35 Bow Saw
22:35 Heavy Plow
28:14 Stone Shaft Mining
28:40 Wheelbarrow
27:51 Town Watch
29:36 Ballistics
31:13 Thumb Ring
Connection lost

Rejoining the realm…

Still unreachable

The connection could not be restored.

Session expired

The server has moved on; the page needs a fresh start.